 Dungeon Crawl Stone Soup version 0.27.1-1-g398f81649c (webtiles) character file.

Game seed: 3217274074420620750

224 Crownlay the Cleaver (level 6, 0/51 HPs)
             Began as a Hill Orc Fighter on Sept 5, 2021.
             Slain by a lemure (6 damage)
             ... led by Pikel
             ... on level 4 of the Dungeon.
             The game lasted 00:06:04 (4412 turns).

Crownlay the Cleaver (Hill Orc Fighter)             Turns: 4412, Time: 00:06:04

Health: 0/51       AC: 10    Str: 21    XL:     6   Next: 0%
Magic:  6/6        EV:  9    Int:  8    God:
Gold:   131        SH:  0    Dex: 10    Spells: 5/5 levels left

rFire    . . .     SeeInvis .   t - +0 war axe (vorpal)
rCold    . . .     Faith    .   (no shield)
rNeg     . . .     Spirit   .   b - +0 scale mail
rPois    .         Reflect  .   (no helmet)
rElec    .         Harm     .   (no cloak)
rCorr    .         Rampage  .   (no gloves)
Will     .....                  (no boots)
Stlth    ..........             (no amulet)
HPRegen  0.17/turn              l - +4 ring of protection
MPRegen  0.10/turn              (no ring)

@: confused
A: no striking features
a: no special abilities


You were on level 4 of the Dungeon.
You visited 1 branch of the dungeon, and saw 4 of its levels.

You collected 131 gold pieces.

Inventory:

Hand Weapons
 t - a +0 vorpal war axe (weapon)
Missiles
 s - 3 boomerangs (quivered)
Armour
 b - a +0 scale mail (worn)
 c - a +0 kite shield
Jewellery
 h - an amulet of magic regeneration
 l - a +4 ring of protection (left hand)
Scrolls
 a - a scroll of fear {unknown}
 i - a scroll of blinking {unknown}
 k - 2 scrolls of amnesia {unknown}
 n - a scroll of vulnerability {unknown}
 o - 4 scrolls of identify {unknown}
 p - a scroll of summoning {unknown}
 q - a scroll of enchant weapon {unknown}
Potions
 d - 2 potions of might
 e - a potion of resistance {unknown}
 f - 2 potions of heal wounds {unknown}
 g - a potion of mutation {unknown}
 j - 2 potions of curing
 m - a potion of lignification {unknown}
 r - a potion of attraction {unknown}


   Skills:
 - Level 3.6 Fighting
 + Level 8.0 Axes
 - Level 3.2 Armour
 - Level 3.2 Shields


You had 5 spell levels left.
You didn't know any spells.
Your spell library contained the following spells:

 Spells                   Type           Power      Damage    Failure   Level
 Frozen Ramparts          Ice            0%         1d2       98%         3
 Summon Guardian Golem    Hex/Summ       0%         N/A       98%         3
 Ice Form                 Ice/Tmut       0%         N/A       100%        4
 Summon Ice Beast         Ice/Summ       0%         N/A       100%        4
 Orb of Destruction       Conj           0%         N/A       100%        7
 Spellforged Servitor     Conj/Summ      0%         N/A       100%        7


Dungeon Overview and Level Annotations

Branches:
Dungeon (4/15)
 Temple: D:4-7

Altars:

Shops:
D:1 *!*!*

Annotations:
D:4 Pikel


Message History

You climb upwards.
There is a stone staircase leading down, spattered with blood here.
You slash the lemure!
The lemure is moderately wounded.
You barely miss the lemure. You miss the lemure. You closely miss Pikel.
The lemure barely misses you. The lemure closely misses you. Pikel misses you.
The lemure completely misses you.
You miss Pikel. You hit the lemure but do no damage. You hit the lemure.
You miss the lemure. The lemure barely misses you. The lemure misses you.
Pikel hits you with a +2 whip of freezing!
Pikel freezes you. The lemure hits you but does no damage.
You barely miss Pikel. You closely miss the lemure. You miss the lemure.
You hit the lemure. The lemure completely misses you. The lemure hits you.
Pikel zaps a wand.
Your will is overpowered!
You are confused.
The lemure hits you.
You hit the lemure.
The lemure is moderately wounded.
You closely miss the lemure. You barely miss Pikel. You hit the lemure.
The lemure barely misses you. The lemure hits you.
The lemure hits you but does no damage.
Pikel hits you with a +2 whip of freezing.
* * * LOW HITPOINT WARNING * * *
Pikel freezes you.
* * * LOW HITPOINT WARNING * * *
The lemure barely misses you.
You can't go up here!
The lemure hits you.
* * * LOW HITPOINT WARNING * * *
The lemure hits you.
* * * LOW HITPOINT WARNING * * *
Pikel says, "I just want to get paid!"
Pikel closely misses you. The lemure hits you but does no damage.
In your confused state, you trip and fall down the stairs.
* * * LOW HITPOINT WARNING * * *
You climb downwards.
The scorpion stings you but does no damage.
The lemure hits you but does no damage. The scorpion completely misses you.
The lemure hits you.
You die...

........##
..........#
..........#
...........#
...........#
............##
..............#
..........s.5#.#
..........5@5..#
...........5K..#
...............##
..$.............#
..............#.#
...........K.##.#
.##.#......###.#
.###....#.#..##.#
.....##:#.....#.##


You could see Pikel, 4 lemures, a scorpion and a kobold.

Vanquished Creatures
  A hound (D:3)
  A jelly (D:4)
  Natasha (thrice) (D:3)
  4 adders
  A dart slug (D:2)
  4 orcs
  2 bats
  3 endoplasms
  A giant cockroach (D:1)
  2 goblins
  7 hobgoblins
  6 jackals
  2 quokkas
  7 ball pythons
  3 frilled lizards (D:2)
  4 kobolds
  2 rats (D:1)
  A bush (D:2)
54 creatures vanquished.

Vanquished Creatures (others)
  2 plants (D:2)
2 creatures vanquished.

Grand Total: 56 creatures vanquished

Notes
Turn   | Place    | Note
-------+----------+-------------------------------------------
     0 | D:1      | Crownlay the Hill Orc Fighter began the quest for the Orb.
     0 | D:1      | Reached XP level 1. HP: 19/19 MP: 1/1
    88 | D:1      | Found Qinoq's Assorted Antiques.
   145 | D:1      | Reached skill level 3 in Axes
   223 | D:1      | Reached XP level 2. HP: 16/26 MP: 2/2
   408 | D:1      | Found Jiunuk's Distillery.
   495 | D:1      | Reached skill level 4 in Axes
   500 | D:1      | Found Letu's Distillery.
   613 | D:1      | Found Zaxihuew's Assorted Antiques.
   868 | D:1      | Found Zoqij's General Store.
  1232 | D:2      | Reached XP level 3. HP: 31/31 MP: 3/3
  1435 | D:2      | Reached skill level 5 in Axes
  2316 | D:3      | Reached XP level 4. HP: 27/39 MP: 4/4
  2521 | D:3      | Reached skill level 6 in Axes
  2745 | D:3      | Found a faded altar of an unknown god.
  2893 | D:3      | Noticed Natasha
  2896 | D:3      | Killed Natasha
  2917 | D:3      | Noticed Natasha
  2923 | D:3      | Killed Natasha
  2924 | D:3      | Reached XP level 5. HP: 28/45 MP: 5/5
  3038 | D:3      | Reached skill level 7 in Axes
  4140 | D:3      | Noticed Natasha
  4154 | D:3      | Killed Natasha
  4331 | D:4      | Noticed a lemure
  4331 | D:4      | Noticed a lemure
  4332 | D:4      | Noticed a lemure
  4332 | D:4      | Noticed Pikel
  4336 | D:4      | Noticed a lemure
  4346 | D:3      | Reached skill level 8 in Axes
  4346 | D:3      | Reached XP level 6. HP: 41/51 MP: 6/6
  4412 | D:4      | Slain by a lemure

Illustrated notes

Levels and vault maps discovered:
D:1:      dpeg_arrival_fog, layout_loops_ring, serial_shops,
          nicolae_shop_waterfront, shop_fountains, shop, shop, shop,
          dk_noncrumbling_3, kennysheep_small_spiral,
          chequers_serial_rivers_micro_c
D:2:      layout_loops_ring, serial_forest, infiniplex_forest_clump_large,
          infiniplex_forest_clump_small, infiniplex_forest_straight_2,
          infiniplex_forest_clump_long, infiniplex_forest_end_2,
          infiniplex_forest_lined_corner, infiniplex_forest_join,
          infiniplex_forest_clump_curved, minmay_misc_feat_diagonals
D:3:      layout_basic, ebering_ecumenical_altar_webs, uniq_natasha
D:4:      layout_rooms, pdpol_wu_jian_five_deadly_venoms, uniq_pikel

Skill      XL: |  1  2  3  4  5 |
---------------+----------------+-----
Axes           | 3 4 5 6 8 |  8.0
Fighting       | |  3.6
Armour         | |  3.2
Shields        | |  3.2

Action                   |  1- 3 |  4- 6 || total
-------------------------+-------+-------++-------
Melee: War axe           |   150 |    70 ||   220
Throw: Boomerang         |       |     3 ||     3
  Use: Potion            |     1 |       ||     1
Armor: Scale mail        |    73 |    42 ||   115
Dodge: Dodged            |    66 |    51 ||   117
